[Event "45th FIDE Olympiad 2024"]
[Site "Budapest"]
[Date "2024.09.13"]
[Round "3.217"]
[White "Xie, Felix"]
[Black "Mehrad, Ahmad Tamim"]
[Result "1-0"]
[ECO "A06"]
[WhiteElo "2320"]
[BlackElo "2015"]
[Annotator "RC"]
[PlyCount "115"]
[EventDate "2024.09.05"]
[EventType "team-tourn"]
[EventCountry "HUN"]
[SourceTitle "playchess.com"]
[Source "ChessBase"]
[SourceQuality "1"]
[WhiteTeam "New Zealand"]
[BlackTeam "Afghanistan"]
[WhiteTeamCountry "NZL"]
[BlackTeamCountry "AFG"]
[TimeControl "40/5400+30:1800+30"]

1. Nf3 d5 2. e3 c5 3. b3 Nf6 4. Bb2 Nc6 5. Bb5 Bg4 6. h3 Bh5 7. g4 Bg6 8. Ne5 Qc7 9. Bxc6+ bxc6 10. d3 e6 11. Nd2 Nd7 12. Nxg6 hxg6 13. f4 g5 14. Qf3 gxf4 15. exf4 Bd6 16. O-O Rh7 17. Kg2 O-O-O 18. f5 Rdh8 19. fxe6 fxe6 20. Rh1 Bf4 21. Qe2 e5 22. c4 g5 23. Rac1 Kb8 24. b4 cxb4 25. cxd5 c5 26. Rc2 Qd6 27. Ne4 Qxd5 28. Qf3 Nb6 29. Nxg5 Rd7 30. Qxd5 Rxd5 31. Ne6 Rc8 32. Re1 Rxd3 33. Bxe5+ Bxe5 34. Rxe5 c4 35. Rb5 b3 36. axb3 Rxb3 37. Nd4 Rd3 38. Nf3 c3 39. Rb4 Rc4 40. Rb3 Kc7 41. Ne5 Rd2+ 42. Rxd2 cxd2 43. Rd3 Re4 44. Nf3 Re2+ 45. Kg3 Nc4 46. Kf4 a5 47. g5 a4 48. g6 a3 49. g7 Re8 50. Nxd2 Nxd2 51. Rxa3 Ne4 52. h4 Nf6 53. Kg5 Ng8 54. h5 Re6 55. Ra8 Nf6 56. h6 Nh7+ 57. Kf5 Rf6+ 58. Ke5 1-0

[Event "45th FIDE Olympiad 2024"]
[Site "Budapest"]
[Date "2024.09.13"]
[Round "3.218"]
[White "Haidary, Hameedullah"]
[Black "Middelburg, Tom"]
[Result "1/2-1/2"]
[ECO "B11"]
[WhiteElo "2192"]
[BlackElo "2355"]
[Annotator "RC"]
[PlyCount "100"]
[EventDate "2024.09.05"]
[EventType "team-tourn"]
[EventCountry "HUN"]
[SourceTitle "playchess.com"]
[Source "ChessBase"]
[SourceQuality "1"]
[WhiteTeam "Afghanistan"]
[BlackTeam "New Zealand"]
[WhiteTeamCountry "AFG"]
[BlackTeamCountry "NZL"]
[TimeControl "40/5400+30:1800+30"]

1. e4 c6 2. Nc3 d5 3. Nf3 Nf6 4. exd5 cxd5 5. Bb5+ Bd7 6. Bxd7+ Nbxd7 7. d4 e6 8. O-O Rc8 9. Ne2 Qc7 10. c3 Bd6 11. g3 Nh5 12. Ne1 O-O 13. Nd3 Rfe8 14. Nef4 Nhf6 15. Ng2 e5 16. dxe5 Bxe5 17. Nxe5 Qxe5 18. Be3 Qf5 19. Bd4 Re4 20. Qd3 Ne5 21. Bxe5 Qxe5 22. Rad1 a6 23. Ne3 Rd8 24. Rfe1 Qe6 25. f3 Re5 26. Qd4 Re8 27. Ng2 Re2 28. Kf1 Rxe1+ 29. Rxe1 Qf5 30. Rxe8+ Nxe8 31. Qd1 Nf6 32. Ne3 Qe6 33. Kf2 h5 34. Qd4 Qh3 35. Nf1 Qf5 36. Qd1 h4 37. Kg2 h3+ 38. Kf2 Ng4+ 39. Ke2 Qe6+ 40. Kd2 Ne5 41. b3 Qf6 42. f4 Nc6 43. Qg4 Qd8 44. Qxh3 d4 45. cxd4 Qxd4+ 46. Ke2 Qe4+ 47. Kf2 Nb4 48. Qc8+ Kh7 49. Qh3+ Kg8 50. Qc8+ Kh7 1/2-1/2

[Event "45th FIDE Olympiad 2024"]
[Site "Budapest"]
[Date "2024.09.13"]
[Round "3.219"]
[White "Renjith, Sravan"]
[Black "Kanz, Ahmad Safy"]
[Result "1/2-1/2"]
[ECO "D34"]
[WhiteElo "2325"]
[BlackElo "1977"]
[Annotator "RC"]
[PlyCount "124"]
[EventDate "2024.09.05"]
[EventType "team-tourn"]
[EventCountry "HUN"]
[SourceTitle "playchess.com"]
[Source "ChessBase"]
[SourceQuality "1"]
[WhiteTeam "New Zealand"]
[BlackTeam "Afghanistan"]
[WhiteTeamCountry "NZL"]
[BlackTeamCountry "AFG"]
[TimeControl "40/5400+30:1800+30"]

1. d4 d5 2. c4 e6 3. Nc3 c5 4. cxd5 exd5 5. Nf3 Nf6 6. g3 Nc6 7. Bg2 Be7 8. O-O O-O 9. Bf4 c4 10. Ne5 Bf5 11. h3 h6 12. g4 Bh7 13. Rc1 Rc8 14. e3 Re8 15. Qf3 Nxe5 16. dxe5 Ne4 17. Rfd1 Nxc3 18. Rxc3 Be4 19. Qe2 Bxg2 20. Kxg2 Qa5 21. e4 dxe4 22. Rxc4 Qxa2 23. Rxe4 Qb3 24. Rd3 Qc2 25. Rd2 Qc6 26. f3 a5 27. Bg3 Bb4 28. Rd1 Rcd8 29. Red4 Rxd4 30. Rxd4 Rc8 31. Kf1 Qa4 32. Bf2 Rc1+ 33. Kg2 Qc6 34. Rd8+ Kh7 35. Qd3+ Qg6 36. Qd7 Rc2 37. Qxb7 Bc5 38. Qc8 Qe6 39. Qxc5 Rxc5 40. Bxc5 Qxe5 41. Ba3 Qe2+ 42. Kg3 g5 43. Rd5 Kg7 44. Bc5 Kh7 45. Rf5 Qxb2 46. Rxf7+ Kg6 47. Re7 a4 48. Re6+ Kf7 49. Re7+ Kf6 50. Re4 Qb5 51. Bb4 Qd3 52. Bc5 Qc2 53. Bb4 Qb3 54. Bc5 a3 55. Rb4 Qd3 56. Ra4 Qd7 57. Ra6+ Ke5 58. Rxa3 Qd2 59. Bf2 Kf6 60. Ra6+ Kg7 61. Ra7+ Kg6 62. Ra6+ Kg7 1/2-1/2

[Event "45th FIDE Olympiad 2024"]
[Site "Budapest"]
[Date "2024.09.13"]
[Round "3.220"]
[White "Abdul Khaliq, Wais"]
[Black "Croad, Nicolas"]
[Result "0-1"]
[ECO "E32"]
[WhiteElo "1968"]
[BlackElo "2195"]
[Annotator "RC"]
[PlyCount "76"]
[EventDate "2024.09.05"]
[EventType "team-tourn"]
[EventCountry "HUN"]
[SourceTitle "playchess.com"]
[Source "ChessBase"]
[SourceQuality "1"]
[WhiteTeam "Afghanistan"]
[BlackTeam "New Zealand"]
[WhiteTeamCountry "AFG"]
[BlackTeamCountry "NZL"]
[TimeControl "40/5400+30:1800+30"]

1. d4 Nf6 2. c4 e6 3. Nc3 Bb4 4. Qc2 O-O 5. a3 Bxc3+ 6. Qxc3 d6 7. Bg5 Nbd7 8. e3 h6 9. Bh4 b6 10. Bd3 Bb7 11. f3 c5 12. Ne2 d5 13. Rc1 cxd4 14. exd4 dxc4 15. Bxc4 Rc8 16. Qe3 Ng4 17. fxg4 Qxh4+ 18. g3 Qxg4 19. O-O Nf6 20. Nf4 Rfe8 21. Be2 Qg5 22. h4 Nd5 23. Rxc8 Rxc8 24. Qb3 Qf6 25. Qa4 Nxf4 26. Rxf4 Qg6 27. Qb3 Qc2 28. Qxc2 Rxc2 29. Bf1 Rxb2 30. a4 Bd5 31. g4 g5 32. hxg5 hxg5 33. Rf2 Rxf2 34. Kxf2 a5 35. Bb5 Kf8 36. Ke3 Ke7 37. Bd3 Bb3 38. Bb5 Bd1 0-1

[Event "45th FIDE Olympiad 2024"]
[Site "Budapest"]
[Date "2024.09.13"]
[Round "3.221"]
[White "Paiva, Donaldo"]
[Black "Kozusek, Daniel"]
[Result "0-1"]
[ECO "D00"]
[WhiteElo "2139"]
[BlackElo "2367"]
[Annotator "RC"]
[PlyCount "156"]
[EventDate "2024.09.05"]
[EventType "team-tourn"]
[EventCountry "HUN"]
[SourceTitle "playchess.com"]
[Source "ChessBase"]
[SourceQuality "1"]
[WhiteTeam "Mozambique"]
[BlackTeam "Wales"]
[WhiteTeamCountry "MOZ"]
[BlackTeamCountry "WLS"]
[TimeControl "40/5400+30:1800+30"]

1. d4 d5 2. Nc3 Nf6 3. Bf4 c5 4. e3 Bg4 5. f3 Bd7 6. Nb5 Bxb5 7. Bxb5+ Nc6 8. c3 e6 9. Ne2 Bd6 10. Qa4 Qd7 11. Be5 O-O 12. Nf4 cxd4 13. exd4 Qc7 14. Bxd6 Qxd6 15. Nd3 Ne7 16. Qb4 Qc7 17. Qc5 Qd8 18. O-O Nf5 19. Ne5 Nd6 20. Bd3 Qe7 21. Rae1 Rfc8 22. Qa3 Rc7 23. Qb3 Rac8 24. Re2 g6 25. g4 b5 26. Kh1 Nc4 27. Qxb5 Nxe5 28. dxe5 Nd7 29. Qb4 Nc5 30. Bb1 Qg5 31. Qd4 Nd7 32. Bd3 Nc5 33. Bb1 Nd7 34. Qf2 Qf4 35. Qg3 Qc4 36. Rff2 d4 37. Re4 Qb5 38. Rxd4 Nxe5 39. Be4 Nd7 40. Rfd2 Nb6 41. Qf2 Qg5 42. Rd1 Kg7 43. Qd2 Qa5 44. Bb1 Qb5 45. Rb4 Qa5 46. Qe2 Qg5 47. Rb5 Rc5 48. Rxc5 Rxc5 49. Be4 h5 50. gxh5 Qxh5 51. Qe3 Rc8 52. Rg1 Rh8 53. Qf2 Rd8 54. b3 Nd5 55. Qd4+ e5 56. Qd2 Nf6 57. Qg5 Qxg5 58. Rxg5 Rd1+ 59. Rg1 Nxe4 60. fxe4 Rd2 61. Rg2 Rd1+ 62. Rg1 Rd2 63. a4 Re2 64. Rg4 Re3 65. Rg3 Rxe4 66. c4 Re1+ 67. Kg2 Rc1 68. Kf2 Rc2+ 69. Ke3 f5 70. Kd3 Rxh2 71. b4 Ra2 72. Re3 Ra3+ 73. Kd2 Rxe3 74. Kxe3 Kf6 75. b5 Ke6 76. a5 Kd6 77. Kd3 Kc5 78. b6 axb6 0-1

[Event "45th FIDE Olympiad 2024"]
[Site "Budapest"]
[Date "2024.09.13"]
[Round "3.222"]
[White "Toczek, Grzegorz"]
[Black "Andrade, Ivan"]
[Result "0-1"]
[ECO "A46"]
[WhiteElo "2301"]
[BlackElo "2132"]
[Annotator "RC"]
[PlyCount "106"]
[EventDate "2024.09.05"]
[EventType "team-tourn"]
[EventCountry "HUN"]
[SourceTitle "playchess.com"]
[Source "ChessBase"]
[SourceQuality "1"]
[WhiteTeam "Wales"]
[BlackTeam "Mozambique"]
[WhiteTeamCountry "WLS"]
[BlackTeamCountry "MOZ"]
[TimeControl "40/5400+30:1800+30"]

1. d4 Nf6 2. Nf3 e6 3. Bg5 h6 4. Bh4 d6 5. Nbd2 g5 6. Bg3 Nh5 7. e4 Bg7 8. c3 Nd7 9. Bc4 a6 10. a4 b6 11. Nf1 Bb7 12. N3d2 Nxg3 13. Nxg3 Rg8 14. O-O c5 15. d5 exd5 16. Bxd5 Bxd5 17. exd5 Be5 18. Nc4 Qf6 19. Re1 Kd8 20. Nxe5 Nxe5 21. b4 Re8 22. bxc5 bxc5 23. Rb1 Kc7 24. Qe2 g4 25. Qd2 Qg6 26. c4 a5 27. Rb5 Qd3 28. Qxd3 Nxd3 29. Rxe8 Rxe8 30. Rxa5 Re1+ 31. Nf1 Ne5 32. g3 Nxc4 33. Ra7+ Kb8 34. Rd7 Nd2 35. Rxd6 Rxf1+ 36. Kg2 Rxf2+ 37. Kg1 Rf5 38. Rb6+ Ka7 39. Rxh6 Rxd5 40. Rf6 Nf3+ 41. Kf2 Ne5 42. Ke3 Rd7 43. Ke4 Re7 44. Kd5 c4 45. Kd4 Re6 46. Rf5 Ka6 47. Kc3 Ka5 48. h3 gxh3 49. Rh5 Kxa4 50. Rxh3 Kb5 51. Rh5 Kc5 52. Rf5 Kd5 53. Rf4 Rg6 0-1

[Event "45th FIDE Olympiad 2024"]
[Site "Budapest"]
[Date "2024.09.13"]
[Round "3.223"]
[White "Jamal, Hamid Harmon Gulamo"]
[Black "Blackburn, Jonathan L B"]
[Result "0-1"]
[ECO "C00"]
[WhiteElo "1960"]
[BlackElo "2202"]
[Annotator "RC"]
[PlyCount "80"]
[EventDate "2024.09.05"]
[EventType "team-tourn"]
[EventCountry "HUN"]
[SourceTitle "playchess.com"]
[Source "ChessBase"]
[SourceQuality "1"]
[WhiteTeam "Mozambique"]
[BlackTeam "Wales"]
[WhiteTeamCountry "MOZ"]
[BlackTeamCountry "WLS"]
[TimeControl "40/5400+30:1800+30"]

1. e4 e6 2. d3 d5 3. Nd2 Nf6 4. Ngf3 Be7 5. g3 a5 6. Bg2 a4 7. a3 c5 8. O-O Nc6 9. Re1 h6 10. Qe2 O-O 11. e5 Nh7 12. h4 f5 13. h5 Bd7 14. Kh2 Be8 15. Qf1 Bxh5 16. c4 d4 17. Ng1 Qc7 18. f4 Na5 19. Nh3 Ra6 20. Rb1 Rb6 21. Qf2 Nb3 22. Nf3 g5 23. Nhg1 Rf7 24. Ne2 Bxf3 25. Bxf3 g4 26. Bg2 Nf8 27. Rh1 Rh7 28. Qe1 h5 29. Bd2 Ra6 30. Nc1 Nxd2 31. Qxd2 h4 32. Kg1 Ng6 33. Ne2 Bd8 34. b4 axb3 35. Rxb3 Ra7 36. Qb2 h3 37. Bf1 Qc6 38. Kh2 Qf3 39. Nc1 Nxf4 40. Rg1 Qg2+ 0-1

[Event "45th FIDE Olympiad 2024"]
[Site "Budapest"]
[Date "2024.09.13"]
[Round "3.224"]
[White "Bullen, Alex"]
[Black "Napoleao, Lourenco"]
[Result "1-0"]
[ECO "A11"]
[WhiteElo "2155"]
[BlackElo "1913"]
[Annotator "RC"]
[PlyCount "95"]
[EventDate "2024.09.05"]
[EventType "team-tourn"]
[EventCountry "HUN"]
[SourceTitle "playchess.com"]
[Source "ChessBase"]
[SourceQuality "1"]
[WhiteTeam "Wales"]
[BlackTeam "Mozambique"]
[WhiteTeamCountry "WLS"]
[BlackTeamCountry "MOZ"]
[TimeControl "40/5400+30:1800+30"]

1. Nf3 d5 2. e3 Nf6 3. c4 c6 4. Nc3 Nbd7 5. Qc2 e6 6. b3 Bd6 7. Bb2 O-O 8. Be2 Qe7 9. h3 Re8 10. g4 Nf8 11. g5 N6d7 12. h4 dxc4 13. bxc4 e5 14. Ne4 Ba3 15. Rg1 Bxb2 16. Qxb2 f5 17. gxf6 Nxf6 18. Nxf6+ Qxf6 19. Rg5 Ng6 20. h5 e4 21. Qxf6 gxf6 22. Rg3 exf3 23. Bd3 Kg7 24. hxg6 h6 25. Rxf3 Rd8 26. Bc2 Be6 27. Rf4 b6 28. O-O-O b5 29. cxb5 cxb5 30. Kb2 Rac8 31. Bb1 Rd6 32. d4 Rc4 33. Rc1 Rb4+ 34. Ka1 Bc4 35. Re4 Rd7 36. Rh4 Rd8 37. Re4 Rd7 38. Rh4 Rd8 39. Rch1 Rh8 40. Rh5 Be6 41. Bd3 a6 42. Rc5 Rd8 43. Rc7+ Rd7 44. Rxd7+ Bxd7 45. Rc1 Bg4 46. Rc7+ Kg8 47. Re7 a5 48. Be4 1-0

[Event "45th FIDE Olympiad 2024"]
[Site "Budapest"]
[Date "2024.09.13"]
[Round "3.225"]
[White "Karsten, Jan"]
[Black "Cogan, Nicolas"]
[Result "1/2-1/2"]
[ECO "B33"]
[WhiteElo "2311"]
[BlackElo "2112"]
[Annotator "RC"]
[PlyCount "110"]
[EventDate "2024.09.05"]
[EventType "team-tourn"]
[EventCountry "HUN"]
[SourceTitle "playchess.com"]
[Source "ChessBase"]
[SourceQuality "1"]
[WhiteTeam "South Africa"]
[BlackTeam "Cote d/^Ivoire"]
[WhiteTeamCountry "RSA"]
[TimeControl "40/5400+30:1800+30"]

1. e4 c5 2. Nf3 Nc6 3. d4 cxd4 4. Nxd4 Nf6 5. Nc3 h5 6. h3 g6 7. Nxc6 bxc6 8. e5 Nh7 9. Bc4 Bg7 10. Qe2 O-O 11. O-O Rb8 12. Bf4 d5 13. exd6 exd6 14. Bb3 Rb4 15. Bd2 Rb7 16. Rad1 d5 17. Rfe1 Ng5 18. Bf4 Ne6 19. Be5 Qg5 20. Qd2 Qxd2 21. Rxd2 Bxe5 22. Rxe5 Nc5 23. f3 Be6 24. Na4 Nxa4 25. Bxa4 Rxb2 26. Bxc6 Rc8 27. Bxd5 Bxd5 28. Rexd5 Rcxc2 29. Rxc2 Rxc2 30. Ra5 Rc7 31. h4 Kg7 32. Ra6 Re7 33. Kf2 Kf8 34. Kg3 Kg7 35. Kf4 Kh6 36. a4 Kg7 37. a5 Kh6 38. Rc6 Kg7 39. g4 hxg4 40. fxg4 Rb7 41. h5 Rb4+ 42. Kf3 gxh5 43. gxh5 Rh4 44. Ra6 Rxh5 45. Rxa7 Rh4 46. Ra6 Ra4 47. Ke3 f6 48. Kd3 Kg6 49. Kc3 Kg5 50. Ra8 f5 51. a6 Kg4 52. Rg8+ Kf3 53. Rg6 f4 54. Kb3 Ra1 55. Rc6 Kg3 1/2-1/2

[Event "45th FIDE Olympiad 2024"]
[Site "Budapest"]
[Date "2024.09.13"]
[Round "3.226"]
[White "De Gondo, Simplice Armel"]
[Black "Levitan, Caleb Levi"]
[Result "0-1"]
[ECO "B45"]
[WhiteElo "2045"]
[BlackElo "2193"]
[Annotator "RC"]
[PlyCount "68"]
[EventDate "2024.09.05"]
[EventType "team-tourn"]
[EventCountry "HUN"]
[SourceTitle "playchess.com"]
[Source "ChessBase"]
[SourceQuality "1"]
[WhiteTeam "Cote d/^Ivoire"]
[BlackTeam "South Africa"]
[BlackTeamCountry "RSA"]
[TimeControl "40/5400+30:1800+30"]

1. e4 c5 2. Nf3 e6 3. d4 cxd4 4. Nxd4 Nf6 5. Nc3 Nc6 6. Ndb5 Bc5 7. Nd6+ Ke7 8. Nxc8+ Rxc8 9. Bd3 Qc7 10. O-O h5 11. Bg5 Kf8 12. Qe2 Nd4 13. Qd2 Ng4 14. Bf4 Bd6 15. Bxd6+ Qxd6 16. f4 Qb6 17. Kh1 Qxb2 18. Na4 Qa3 19. Rab1 Qxa4 20. Bb5 Nxb5 21. Qxd7 Qc4 22. Qxb5 Qxb5 23. Rxb5 b6 24. h3 Nf6 25. e5 Nd5 26. Rf2 Ke7 27. f5 Rc5 28. Rb3 exf5 29. Rxf5 Rc3 30. Rb5 Ke6 31. Rf2 Rhc8 32. a4 Rxc2 33. Rxc2 Rxc2 34. a5 Rc5 0-1

[Event "45th FIDE Olympiad 2024"]
[Site "Budapest"]
[Date "2024.09.13"]
[Round "3.227"]
[White "Mhango, Banele"]
[Black "Manan, Yoboue Hermann"]
[Result "1-0"]
[ECO "E01"]
[WhiteElo "2261"]
[BlackElo "2030"]
[Annotator "RC"]
[PlyCount "88"]
[EventDate "2024.09.05"]
[EventType "team-tourn"]
[EventCountry "HUN"]
[SourceTitle "playchess.com"]
[Source "ChessBase"]
[SourceQuality "1"]
[WhiteTeam "South Africa"]
[BlackTeam "Cote d/^Ivoire"]
[WhiteTeamCountry "RSA"]
[TimeControl "40/5400+30:1800+30"]

1. Nf3 Nf6 2. g3 d5 3. d4 c5 4. Bg2 Nc6 5. O-O cxd4 6. Nxd4 e6 7. c4 Bd6 8. cxd5 exd5 9. Nc3 Be5 10. Be3 O-O 11. Rc1 Re8 12. Qd3 Qa5 13. Rfd1 Nxd4 14. Bxd4 Bg4 15. Rc2 Bh5 16. Qb5 Qxb5 17. Nxb5 Bg6 18. Rc7 a6 19. Bxe5 Rxe5 20. Nc3 Rb8 21. Bxd5 Nxd5 22. Rxd5 Rxd5 23. Nxd5 Be4 24. Nc3 Bc6 25. b4 g6 26. a4 Kg7 27. f4 h6 28. Kf2 Kf6 29. e4 Ke6 30. Ke3 Be8 31. e5 h5 32. Ne4 b6 33. Ng5+ Kd5 34. a5 Bc6 35. Ne4 Ba8 36. Nc3+ Ke6 37. Ra7 Bb7 38. axb6 h4 39. Na4 hxg3 40. hxg3 Bc6 41. Nc5+ Kd5 42. b7 Kc4 43. Rxa6 Kb5 44. Ra7 Kb6 1-0

[Event "45th FIDE Olympiad 2024"]
[Site "Budapest"]
[Date "2024.09.13"]
[Round "3.228"]
[White "Nean, Franck Anderson"]
[Black "Cawdery, Daniel"]
[Result "0-1"]
[ECO "A58"]
[WhiteElo "1917"]
[BlackElo "2356"]
[Annotator "RC"]
[PlyCount "74"]
[EventDate "2024.09.05"]
[EventType "team-tourn"]
[EventCountry "HUN"]
[SourceTitle "playchess.com"]
[Source "ChessBase"]
[SourceQuality "1"]
[WhiteTeam "Cote d/^Ivoire"]
[BlackTeam "South Africa"]
[BlackTeamCountry "RSA"]
[TimeControl "40/5400+30:1800+30"]

1. d4 Nf6 2. c4 c5 3. d5 b5 4. cxb5 a6 5. bxa6 e6 6. a7 Rxa7 7. Nc3 exd5 8. Nxd5 Nxd5 9. Qxd5 Nc6 10. Nf3 Nb4 11. Qe4+ Qe7 12. Qb1 Bb7 13. Nd2 g6 14. a3 Nc6 15. Nf3 Bg7 16. e3 Nd4 17. Nxd4 cxd4 18. Bd2 O-O 19. Qd3 Be4 20. Qb3 Rb7 21. Bb4 Qh4 22. g3 Qh6 23. Ba6 Rxb4 24. axb4 Bxh1 25. O-O-O Bf3 26. Rf1 g5 27. b5 Be2 28. Re1 d3 29. Kd2 Qf6 30. f4 Qb6 31. Qb4 Re8 32. e4 Bd4 33. Rxe2 dxe2 34. e5 d6 35. Bb7 Qxb7 36. Qxd4 dxe5 37. fxe5 Qxb5 0-1

[Event "45th FIDE Olympiad 2024"]
[Site "Budapest"]
[Date "2024.09.13"]
[Round "3.229"]
[White "Gurner, Jem"]
[Black "Arab, Adlane"]
[Result "0-1"]
[ECO "B53"]
[WhiteElo "2091"]
[BlackElo "2477"]
[Annotator "RC"]
[PlyCount "68"]
[EventDate "2024.09.05"]
[EventType "team-tourn"]
[EventCountry "HUN"]
[SourceTitle "playchess.com"]
[Source "ChessBase"]
[SourceQuality "1"]
[WhiteTeam "Jersey"]
[BlackTeam "Algeria"]
[BlackTeamCountry "ALG"]
[TimeControl "40/5400+30:1800+30"]

1. e4 c5 2. Nf3 d6 3. d4 cxd4 4. Qxd4 Nf6 5. Nc3 Nc6 6. Bb5 Bd7 7. Bxc6 Bxc6 8. Bg5 e6 9. O-O-O Be7 10. Qd3 O-O 11. Nd4 Qc7 12. f4 Rfd8 13. Kb1 Rac8 14. Rhe1 a6 15. Qh3 Be8 16. f5 Bd7 17. Re2 b5 18. fxe6 fxe6 19. e5 dxe5 20. Nf3 e4 21. Nxe4 e5 22. Qh4 Bf5 23. Rxd8+ Rxd8 24. Nxf6+ gxf6 25. Bc1 Rd1 26. Qg3+ Kh8 27. Nh4 Be6 28. Re3 Qc4 29. b3 Qf1 30. Ng6+ hxg6 31. Qxg6 Rxc1+ 32. Kb2 Rb1+ 33. Kc3 b4+ 34. Kd2 Rd1# 0-1

[Event "45th FIDE Olympiad 2024"]
[Site "Budapest"]
[Date "2024.09.13"]
[Round "3.230"]
[White "Djabri, Massinas"]
[Black "Carpenter, Paul A"]
[Result "1-0"]
[ECO "A40"]
[WhiteElo "2280"]
[BlackElo "1985"]
[Annotator "RC"]
[PlyCount "89"]
[EventDate "2024.09.05"]
[EventType "team-tourn"]
[EventCountry "HUN"]
[SourceTitle "playchess.com"]
[Source "ChessBase"]
[SourceQuality "1"]
[WhiteTeam "Algeria"]
[BlackTeam "Jersey"]
[WhiteTeamCountry "ALG"]
[TimeControl "40/5400+30:1800+30"]

1. d4 b6 2. c4 Bb7 3. Nc3 e6 4. Nf3 d6 5. e4 Nd7 6. Bd3 g6 7. h4 h6 8. d5 e5 9. Be3 Ngf6 10. Nd2 Bg7 11. Qe2 Qe7 12. g4 a5 13. Bc2 Nc5 14. f3 Nfd7 15. h5 g5 16. Nf1 O-O 17. Ng3 Rfb8 18. b3 Qd8 19. O-O Bc8 20. a3 Nf6 21. b4 Ncd7 22. Ba4 Nf8 23. Bc6 Bb7 24. Bxb7 Rxb7 25. Nf5 axb4 26. axb4 Rba7 27. Qb2 Kh7 28. Nb5 Rxa1 29. Rxa1 Rxa1+ 30. Qxa1 Qb8 31. Qa7 Qxa7 32. Nxa7 N8d7 33. Nc6 Ne8 34. Kf2 Bf6 35. Ke2 Ng7 36. Ng3 Kg8 37. Kd3 Kf8 38. Kc3 Ke8 39. Kb3 Bd8 40. Ka4 f6 41. Kb5 Nf8 42. Ka6 Kd7 43. Kb7 Nh7 44. Nb8+ Ke8 45. Kc8 1-0

[Event "45th FIDE Olympiad 2024"]
[Site "Budapest"]
[Date "2024.09.13"]
[Round "3.231"]
[White "Mooney, Graham"]
[Black "Brahami, Lamine"]
[Result "0-1"]
[ECO "B90"]
[WhiteElo "1935"]
[BlackElo "2188"]
[Annotator "RC"]
[PlyCount "71"]
[EventDate "2024.09.05"]
[EventType "team-tourn"]
[EventCountry "HUN"]
[SourceTitle "playchess.com"]
[Source "ChessBase"]
[SourceQuality "1"]
[WhiteTeam "Jersey"]
[BlackTeam "Algeria"]
[BlackTeamCountry "ALG"]
[TimeControl "40/5400+30:1800+30"]

1. e4 c5 2. Nf3 d6 3. d4 cxd4 4. Nxd4 Nf6 5. Nc3 a6 6. Be3 e5 7. Nb3 Be7 8. f3 Be6 9. Qd2 O-O 10. O-O-O Nbd7 11. g4 b5 12. Nd5 Bxd5 13. exd5 Nb6 14. Bxb6 Qxb6 15. h4 a5 16. Kb1 Rfc8 17. g5 Nh5 18. Bh3 Rc4 19. Bg4 Nf4 20. Rh2 a4 21. Nc1 a3 22. b3 Rd4 23. Qf2 Nxd5 24. Rxd4 exd4 25. Ne2 Ne3 26. Ng3 Qc7 27. Qd2 d5 28. Rh3 Bb4 29. Qd3 Re8 30. Ne2 Nxc2 31. Qxb5 Rb8 32. Qd3 Ne1 33. Qd1 d3 34. f4 dxe2 35. Qxe2 d4 36. Qc4 0-1

[Event "45th FIDE Olympiad 2024"]
[Site "Budapest"]
[Date "2024.09.13"]
[Round "3.232"]
[White "Bengherabi, Khalil"]
[Black "Forbes, Garry"]
[Result "1-0"]
[ECO "B01"]
[WhiteElo "2076"]
[BlackElo "1858"]
[Annotator "NA RC"]
[PlyCount "79"]
[EventDate "2024.09.05"]
[EventType "team-tourn"]
[EventCountry "HUN"]
[SourceTitle "playchess.com"]
[Source "ChessBase"]
[SourceQuality "1"]
[WhiteTeam "Algeria"]
[BlackTeam "Jersey"]
[WhiteTeamCountry "ALG"]
[TimeControl "40/5400+30:1800+30"]

1. e4 d5 2. exd5 Nf6 3. d4 Bg4 4. Nf3 Qxd5 5. Be2 Nc6 6. O-O O-O-O 7. c4 Qf5 8. Be3 e5 9. d5 e4 10. Nd4 Nxd4 11. Bxd4 Bd6 12. Bxf6 Bxe2 13. Qxe2 gxf6 14. Nc3 Qe5 15. g3 f5 16. Rab1 h5 17. Qe3 h4 18. Ne2 Rdg8 19. c5 Be7 20. d6 hxg3 21. hxg3 Qg7 22. Kg2 Bg5 23. f4 Bf6 24. c6 b6 25. d7+ Kd8 26. b4 Qg4 27. Rh1 Rxh1 28. Rxh1 Qg7 29. Qa3 Qg4 30. Qe3 Qg7 31. Qa3 Qg4 32. Qe3 Qg7 33. a4 Qg6 34. a5 Be7 35. axb6 axb6 36. b5 Bc5 37. Qc3 Ke7 38. Qe5+ Qe6 39. Qxc7 Rd8 40. Rh8 1-0

[Event "45th FIDE Olympiad 2024"]
[Site "Budapest"]
[Date "2024.09.13"]
[Round "3.233"]
[White "Makoto, Rodwell"]
[Black "Gabriel, Davidson"]
[Result "1-0"]
[ECO "D75"]
[WhiteElo "2311"]
[BlackElo "2043"]
[Annotator "RC"]
[PlyCount "139"]
[EventDate "2024.09.05"]
[EventType "team-tourn"]
[EventCountry "HUN"]
[SourceTitle "playchess.com"]
[Source "ChessBase"]
[SourceQuality "1"]
[WhiteTeam "Zimbabwe"]
[BlackTeam "Haiti"]
[WhiteTeamCountry "ZIM"]
[BlackTeamCountry "HAI"]
[TimeControl "40/5400+30:1800+30"]

1. Nf3 Nf6 2. c4 g6 3. g3 Bg7 4. Bg2 O-O 5. O-O c5 6. Nc3 d5 7. cxd5 Nxd5 8. d4 cxd4 9. Nxd4 Nxc3 10. bxc3 Qc7 11. Qb3 a6 12. Rb1 e5 13. Nc2 Nc6 14. Ne3 Na5 15. Qb4 Be6 16. Nd5 Bxd5 17. Bxd5 Rac8 18. e4 h5 19. a4 b5 20. axb5 axb5 21. Qxb5 Rb8 22. Qd3 Rxb1 23. Qxb1 Rc8 24. Bg5 Kh7 25. Rc1 f6 26. Be3 Nc4 27. Bxc4 Qxc4 28. Qb7 Rd8 29. h4 Rd3 30. Ra1 Rxc3 31. Ra7 Qg8 32. Qd7 Rc8 33. Kh2 Ra8 34. Rb7 Rb8 35. Ra7 Ra8 36. Rc7 Rd8 37. Qe7 Qf8 38. Qe6 Qd6 39. Qf7 Qf8 40. Qc4 Kh8 41. Bc5 Qg8 42. Qa6 Re8 43. Qa7 Rc8 44. Rd7 Rd8 45. Rf7 Rc8 46. Rb7 Re8 47. Bb6 Rc8 48. Rd7 Re8 49. Qc7 Ra8 50. Rf7 Rf8 51. Rd7 Ra8 52. Qd6 Re8 53. Ra7 Ra8 54. Rb7 Rc8 55. Be3 Re8 56. Rd7 Qe6 57. Qc7 Qg8 58. Kg2 Ra8 59. Qd6 Qf8 60. Qd5 Re8 61. Ra7 Qg8 62. Qd7 Rd8 63. Qa4 Qe8 64. Qa6 Qf8 65. Bb6 Re8 66. Qb7 Rb8 67. Qc7 Rc8 68. Qd7 Ra8 69. Qxg7+ Qxg7 70. Rxa8+ 1-0

[Event "45th FIDE Olympiad 2024"]
[Site "Budapest"]
[Date "2024.09.13"]
[Round "3.234"]
[White "Etienne, Angelo"]
[Black "Mwadzura, Roy"]
[Result "1/2-1/2"]
[ECO "A05"]
[WhiteElo "2122"]
[BlackElo "2229"]
[Annotator "RC"]
[PlyCount "135"]
[EventDate "2024.09.05"]
[EventType "team-tourn"]
[EventCountry "HUN"]
[SourceTitle "playchess.com"]
[Source "ChessBase"]
[SourceQuality "1"]
[WhiteTeam "Haiti"]
[BlackTeam "Zimbabwe"]
[WhiteTeamCountry "HAI"]
[BlackTeamCountry "ZIM"]
[TimeControl "40/5400+30:1800+30"]

1. Nf3 Nf6 2. b3 e6 3. g3 b5 4. Bg2 Bb7 5. O-O Be7 6. Bb2 c5 7. c4 bxc4 8. bxc4 O-O 9. d3 d6 10. Nbd2 Nbd7 11. Qc2 a5 12. Rfb1 Ra7 13. Bc3 Qa8 14. a3 Bc6 15. Rb2 Rb7 16. Rxb7 Bxb7 17. Rb1 Rb8 18. Qa4 Bd8 19. Ne1 d5 20. cxd5 exd5 21. e3 Rc8 22. Bh3 Bc6 23. Qd1 Be7 24. Nef3 Re8 25. Nh4 a4 26. Nf5 Bf8 27. Bg2 Qa6 28. Bf1 Qc8 29. Bh3 Qc7 30. Qc1 g6 31. Nh4 h5 32. Nhf3 Ng4 33. Ba1 Bg7 34. Bxg7 Kxg7 35. Bg2 Qd6 36. Qc3+ Kg8 37. Rc1 Rb8 38. h3 Ngf6 39. Rb1 Rxb1+ 40. Nxb1 Qb8 41. Nbd2 Qb6 42. Ne5 Nxe5 43. Qxe5 Bb5 44. Bxd5 Bxd3 45. Bc4 Bxc4 46. Nxc4 Qb1+ 47. Kh2 Qc2 48. Qb8+ Kg7 49. Qf4 Ne4 50. Ne5 f6 51. Nd7 c4 52. Kg2 c3 53. Nc5 Nxc5 54. Qc7+ Kg8 55. Qxc5 Qe4+ 56. Kh2 c2 57. Qc8+ Kg7 58. Qc7+ Kh6 59. h4 Qf5 60. f4 g5 61. hxg5+ fxg5 62. Qd6+ Qg6 63. Qf8+ Kh7 64. Qe7+ Kh6 65. Qf8+ Kh7 66. Qe7+ Kh6 67. Qf8+ Kh7 68. Qe7+ 1/2-1/2